 Dungeon Crawl Stone Soup version 0.28-a0-1429-gf3d713df7a (webtiles) character file.

Game seed: 16014494910858299705

4524 sanka the Grappler (level 10, -11/81 (82) HPs)
             Began as a Gnoll Cinder Acolyte on Jan 8, 2022.
             Was a High Priest of Ignis.
             Mangled by an orc knight (17 damage)
             ... in a bailey.
             The game lasted 00:13:22 (10477 turns).

sanka the Grappler (Gnoll Cinder Acolyte)          Turns: 10477, Time: 00:13:23

HP:   -11/81 (82)   AC:  2    Str: 14    XL:     10   Next: 39%
MP:   15/19         EV: 21    Int: 17    God:    Ignis [*****.]
Gold: 417           SH:  5    Dex: 13    Spells: 16/21 levels left

rFire   + . .      SeeInvis .     - Unarmed
rCold   . . .      Faith    .   (shield currently unavailable)
rNeg    . . .      Spirit   .   (armour currently unavailable)
rPois   x          Reflect  +   (helmet currently unavailable)
rElec   .          Harm     .   (cloak currently unavailable)
rCorr   .          Rampage  .   (gloves currently unavailable)
Will    .....                   (boots currently unavailable)
Stlth   +++.......              b - amulet of reflection
HPRegen 0.23/turn               (no ring)
MPRegen 0.16/turn               (no ring)

@: spider-form, lightly drained
A: venomous fangs, tiny, (fangs 1), strong nose, distributed training
a: End Transformation, Renounce Religion, Fiery Armour, Foxfire Swarm, Rising
Flame


You were in a bailey.
You worshipped Ignis.
Ignis was extremely pleased with you.
You were a venomous arachnid creature.
You visited 2 branches of the dungeon, and saw 9 of its levels.
You also visited: Bailey.

You collected 417 gold pieces.


Innate Abilities, Weirdness & Mutations

You are a venomous arachnid creature.
You have poisonous fangs.
You are tiny and dextrous.
Your spellcasting is less reliable in this form.
Your armour is entirely melded.
You are incapable of wielding weapons or throwing items.
((You have very sharp teeth.))
Your uncanny sense of smell can sniff out nearby items.
Your experience applies equally to all skills.


   Skills:
 + Level 8.5 Fighting
 + Level 5.2 Short Blades
 + Level 5.2 Long Blades
 + Level 5.2 Axes
 + Level 5.2 Maces & Flails
 + Level 5.2 Polearms
 + Level 5.2 Staves
 + Level 5.2 Slings
 + Level 5.2 Bows
 + Level 5.2 Crossbows
 + Level 5.2 Throwing
 + Level 5.2 Armour
 + Level 5.2 Dodging
 + Level 5.2 Stealth
 + Level 5.2 Shields
 + Level 8.5 Unarmed Combat
 + Level 6.0 Spellcasting
 + Level 4.3 Conjurations
 + Level 4.3 Hexes
 + Level 4.3 Summonings
 + Level 4.3 Necromancy
 + Level 4.3 Translocations
 + Level 4.3 Transmutations
 + Level 7.0 Fire Magic
 + Level 4.3 Ice Magic
 + Level 4.3 Air Magic
 + Level 4.3 Earth Magic
 + Level 4.3 Poison Magic
 + Level 5.7 Invocations
 + Level 5.2 Evocations


You had 16 spell levels left.
You knew the following spells:

 Your Spells              Type           Power      Damage    Failure   Level
y - Scorch                Fire           58%        2d7       5%          2
z - Spider Form           Tmut/Pois      19%        N/A       17%         3

Your spell library contained the following spells:

 Spells                   Type           Power      Damage    Failure   Level
 Beastly Appendage        Tmut           38%        N/A       9%          1
 Summon Small Mammal      Summ           76%        N/A       9%          1
 Wereblood                Tmut           19%        N/A       11%         2
 Call Canine Familiar     Summ           19%        N/A       17%         3
 Summon Guardian Golem    Hex/Summ       19%        N/A       17%         3
 Cause Fear               Hex            9%         N/A       43%         4
 Dragon Form              Tmut           9%         N/A       100%        7
 Dragon's Call            Summ           9%         N/A       100%        9

Inventory:

Hand Weapons
 w - a +4 quarterstaff of chaos
Missiles
 q - 2 throwing nets {=f}
Armour
 u - a +0 pair of boots (melded)
 v - a +0 cloak (melded)
 B - a +0 kite shield
 D - +0 steam dragon scales (melded)
Jewellery
 b - an amulet of reflection (around neck)
 s - an amulet of magic regeneration
Wands
 t - a wand of iceblast (5)
 y - a wand of polymorph (12)
 F - a wand of paralysis (10)
Scrolls
 a - 3 scrolls of fear
 e - 5 scrolls of teleportation {@r4}
 f - a scroll of blinking
 l - a scroll of immolation {!r}
 n - 2 scrolls of amnesia
 p - a scroll of torment {!r}
 r - 3 scrolls of fog
 G - a scroll of enchant weapon {unknown}
Potions
 c - a potion of flight {unknown}
 d - a potion of curing {@q1}
 g - 3 potions of brilliance {unknown}
 h - a potion of mutation {unknown}
 i - 2 potions of heal wounds {unknown}
 j - a potion of magic {unknown}
 m - 2 potions of ambrosia {unknown}
 o - a potion of degeneration {unknown}
 x - 2 potions of might
 z - a potion of lignification {unknown}
 A - a potion of experience {unknown}
 C - 2 potions of berserk rage {unknown}
 E - a potion of resistance {unknown}

Dungeon Overview and Level Annotations

Branches:
Dungeon (8/15)             Temple (1/1) D:5          Bailey (1/1)
   Lair: D:8-11

Altars:
Ashenzari
Cheibriados
Dithmenos
Elyvilon
Fedhas
Gozag
Kikubaaqudgha
Makhleb
Nemelex Xobeh
Okawaru
Qazlal
Ru
Sif Muna
Trog
Vehumet
Wu Jian
Yredelemnul
Zin
The Shining One

Annotations:
D:6 2 transporters, p0werm0de's ghost, novice GrCK

▒≈≈≈≈≈▒ .... ▒≈≈≈≈≈▒
.8.8. ▒≈≈≈≈≈▒▒▒▒▒▒...▒
▒≈≈≈≈≈≈.▒......
▒▒▒▒▒▒.≈≈≈≈≈.▒..o.
▒......≈≈≈≈≈.▒''▒▒▒▒
▒▒▒......≈≈≈≈≈.▒.....▒
▒...........g..'.....▒
▒∩..∩......so).').⌠..▒
▒.......)......'.....▒
▒▒▒......≈≈≈≈≈.▒.....▒
▒......≈≈≈≈≈.▒''▒▒▒▒▒
▒▒▒▒▒▒.≈≈≈≈≈.▒......▒
▒≈≈≈≈≈≈.▒......▒
▒≈≈≈≈≈▒▒▒▒▒▒...▒
▒≈≈≈≈≈▒ .8g8.8.
▒≈≈≈≈≈▒ .......


You could see an orc knight (extremely poisoned, corroded) and a hobgoblin.


Message History

You hear a shout!
Aiming: Corrosive Bolt
Aim: an orc knight, wielding a +0 battleaxe and wearing a +0 plate armour (74% to hit)
The bolt of acid hits the orc knight.
The acid corrodes the orc knight!
The orc knight is lightly wounded.
Aiming: Corrosive Bolt
Aim: an orc knight, wielding a +0 battleaxe and wearing a +0 plate armour (lightly wounded, covered in acid, 74% to hit)
The bolt of acid hits the orc knight!
The orc knight is moderately wounded.
The now-empty wand crumbles to dust.
You turn into a venomous arachnid creature.
The orc knight hits you with a +0 battleaxe!!
You barely miss the orc knight.
The orc knight is moderately wounded.
The orc knight hits you with a +0 battleaxe!!
* * * LOW HITPOINT WARNING * * *
You hit the orc knight.
The orc knight is poisoned.
The orc knight is moderately wounded.
The orc knight hits you with a +0 battleaxe!!
* * * LOW HITPOINT WARNING * * *
You bite the orc knight!
The orc knight is heavily wounded.
You block the hobgoblin's attack.
You bite the orc knight!
The orc knight looks as sick as possible!
The orc knight is severely wounded.
The orc knight hits you with a +0 battleaxe!
You die...

Action                   |  1- 3 |  4- 6 |  7- 9 | 10-12 || total
-------------------------+-------+-------+-------+-------++-------
Melee: Unarmed           |    60 |    40 |    85 |    66 ||   251
       Bite              |     2 |     3 |     6 |     3 ||    14
       Punch             |     2 |       |     3 |     2 ||     7
 Cast: Scorch            |     5 |    36 |   137 |    38 ||   216
       Spider Form       |       |       |     2 |     7 ||     9
Evoke: Wand              |       |     3 |       |     2 ||     5
  Use: Scroll            |       |       |       |     7 ||     7
 Stab: Sleeping          |     2 |     1 |       |     1 ||     4
Armor: Robe              |     9 |     7 |    22 |       ||    38
       Steam dragon scal |       |       |    10 |    13 ||    23
       Skin              |       |       |       |     2 ||     2
Dodge: Dodged            |    34 |    32 |    72 |    68 ||   206
Block: Other             |    15 |    17 |    26 |    23 ||    81
       Reflection        |     1 |       |       |     4 ||     5

Levels and vault maps discovered:
D:1:      giann_horns, layout_rooms, shapermc_ecumenical_altar_acropolis
D:2:      layout_loops_cross
D:3:      layout_loops_ring, grunt_temple_overflow_open, uniq_grinder
D:4:      layout_loops_corners, mainiacjoe_overflow_tiny_flanked, uniq_menkaure,
          uniq_crazy_yiuf_cottage, uniq_blork_the_orc
D:5:      layout_rooms, temple_pool_b, grunt_decor_junction
D:6:      layout_layer_cave, gammafunk_ghost_arena, st_stairs_9
D:7:      layout_gridville, lemuel_zombie_altar_yredelemnul,
          mainiacjoe_overflow_chevrons, uniq_harold, uniq_pikel
D:8:      layout_rooms, fedhas_altar_2, nicolae_uskayaw_dance_studio,
          enter_bailey_5
Temple:   dshaligram_water_room_temple
Bailey:   bailey_axe_of_yendor_kennysheep, bailey

Notes
Turn   | Place    | Note
-------+----------+-------------------------------------------
     0 | D:1      | sanka the Gnoll Cinder Acolyte began the quest for the Orb.
     0 | D:1      | Reached XP level 1. HP: 23/23 MP: 4/4
   157 | D:1      | Reached XP level 2. HP: 29/29 MP: 5/5
   526 | D:1      | Found a faded altar of an unknown god.
   544 | D:1      | Reached XP level 3. HP: 35/35 MP: 7/7
   568 | D:1      | Learned a level 2 spell: Scorch
   772 | D:2      | Reached skill level 1 in Invocations
   957 | D:2      | Reached skill level 1 in Short Blades
   957 | D:2      | Reached skill level 1 in Long Blades
   957 | D:2      | Reached skill level 1 in Axes
   957 | D:2      | Reached skill level 1 in Maces & Flails
   957 | D:2      | Reached skill level 1 in Polearms
   957 | D:2      | Reached skill level 1 in Staves
   957 | D:2      | Reached skill level 1 in Slings
   957 | D:2      | Reached skill level 1 in Bows
   957 | D:2      | Reached skill level 1 in Crossbows
   957 | D:2      | Reached skill level 1 in Throwing
   957 | D:2      | Reached skill level 1 in Armour
   957 | D:2      | Reached skill level 1 in Dodging
   957 | D:2      | Reached skill level 1 in Stealth
   957 | D:2      | Reached skill level 1 in Shields
   957 | D:2      | Reached skill level 1 in Evocations
  1019 | D:1      | Reached XP level 4. HP: 24/41 MP: 3/8
  1152 | D:1      | Reached skill level 3 in Spellcasting
  1428 | D:2      | Reached skill level 1 in Conjurations
  1428 | D:2      | Reached skill level 1 in Hexes
  1428 | D:2      | Reached skill level 1 in Summonings
  1428 | D:2      | Reached skill level 1 in Necromancy
  1428 | D:2      | Reached skill level 1 in Translocations
  1428 | D:2      | Reached skill level 1 in Transmutations
  1428 | D:2      | Reached skill level 1 in Ice Magic
  1428 | D:2      | Reached skill level 1 in Air Magic
  1428 | D:2      | Reached skill level 1 in Earth Magic
  1428 | D:2      | Reached skill level 1 in Poison Magic
  2000 | D:3      | Noticed Grinder
  2007 | D:3      | Paralysed by Grinder for 7 turns
  2025 | D:3      | Killed Grinder
  2026 | D:3      | Reached skill level 2 in Invocations
  2026 | D:3      | Reached XP level 5. HP: 24/47 MP: 8/10
  2026 | D:3      | Reached XP level 6. HP: 27/53 MP: 8/11
  2246 | D:3      | Reached skill level 2 in Short Blades
  2246 | D:3      | Reached skill level 2 in Long Blades
  2246 | D:3      | Reached skill level 2 in Axes
  2246 | D:3      | Reached skill level 2 in Maces & Flails
  2246 | D:3      | Reached skill level 2 in Polearms
  2246 | D:3      | Reached skill level 2 in Staves
  2246 | D:3      | Reached skill level 2 in Slings
  2246 | D:3      | Reached skill level 2 in Bows
  2246 | D:3      | Reached skill level 2 in Crossbows
  2246 | D:3      | Reached skill level 2 in Throwing
  2246 | D:3      | Reached skill level 2 in Armour
  2246 | D:3      | Reached skill level 2 in Dodging
  2246 | D:3      | Reached skill level 2 in Stealth
  2246 | D:3      | Reached skill level 2 in Shields
  2246 | D:3      | Reached skill level 2 in Evocations
  2264 | D:3      | Found a snail-covered altar of Cheibriados.
  2264 | D:3      | Found an ancient bone altar of Kikubaaqudgha.
  3030 | D:4      | Found an ornate altar of the Wu Jian Council.
  3513 | D:4      | Reached XP level 7. HP: 59/59 MP: 7/12
  3647 | D:4      | Noticed Menkaure
  3655 | D:4      | Killed Menkaure
  3656 | D:4      | Reached skill level 7 in Fighting
  3656 | D:4      | Reached skill level 7 in Unarmed Combat
  3656 | D:4      | Reached skill level 2 in Conjurations
  3656 | D:4      | Reached skill level 2 in Hexes
  3656 | D:4      | Reached skill level 2 in Summonings
  3656 | D:4      | Reached skill level 2 in Necromancy
  3656 | D:4      | Reached skill level 2 in Translocations
  3656 | D:4      | Reached skill level 2 in Transmutations
  3656 | D:4      | Reached skill level 2 in Ice Magic
  3656 | D:4      | Reached skill level 2 in Air Magic
  3656 | D:4      | Reached skill level 2 in Earth Magic
  3656 | D:4      | Reached skill level 2 in Poison Magic
  3757 | D:4      | Noticed Blork the orc
  3765 | D:4      | Killed Blork the orc
  3766 | D:4      | Reached skill level 3 in Invocations
  3900 | D:4      | Reached skill level 4 in Spellcasting
  4050 | D:4      | Found a runed translucent door.
  4051 | D:4      | Noticed Crazy Yiuf
  4666 | D:4      | Killed Crazy Yiuf
  4734 | D:5      | Entered Level 5 of the Dungeon
  4744 | D:5      | Found a staircase to the Ecumenical Temple.
  4758 | D:5      | Reached skill level 6 in Fire Magic
  4758 | D:5      | Reached XP level 8. HP: 67/67 MP: 7/14
  4821 | D:5      | Reached skill level 3 in Short Blades
  4821 | D:5      | Reached skill level 3 in Long Blades
  4821 | D:5      | Reached skill level 3 in Axes
  4821 | D:5      | Reached skill level 3 in Maces & Flails
  4821 | D:5      | Reached skill level 3 in Polearms
  4821 | D:5      | Reached skill level 3 in Staves
  4821 | D:5      | Reached skill level 3 in Slings
  4821 | D:5      | Reached skill level 3 in Bows
  4821 | D:5      | Reached skill level 3 in Crossbows
  4821 | D:5      | Reached skill level 3 in Throwing
  4821 | D:5      | Reached skill level 3 in Armour
  4821 | D:5      | Reached skill level 3 in Dodging
  4821 | D:5      | Reached skill level 3 in Stealth
  4821 | D:5      | Reached skill level 3 in Shields
  4821 | D:5      | Reached skill level 3 in Evocations
  5629 | Temple   | Entered the Ecumenical Temple
  6152 | D:6      | Noticed a two-headed ogre
  6160 | D:6      | Noticed p0werm0de's ghost (novice GrCK)
  6207 | D:6      | Reached skill level 4 in Invocations
  6250 | D:6      | Found a transporter.
  6299 | D:6      | Reached skill level 3 in Conjurations
  6299 | D:6      | Reached skill level 3 in Hexes
  6299 | D:6      | Reached skill level 3 in Summonings
  6299 | D:6      | Reached skill level 3 in Necromancy
  6299 | D:6      | Reached skill level 3 in Translocations
  6299 | D:6      | Reached skill level 3 in Transmutations
  6299 | D:6      | Reached skill level 3 in Ice Magic
  6299 | D:6      | Reached skill level 3 in Air Magic
  6299 | D:6      | Reached skill level 3 in Earth Magic
  6299 | D:6      | Reached skill level 3 in Poison Magic
  6405 | D:6      | Reached XP level 9. HP: 62/72 MP: 5/16
  6520 | D:6      | Learned a level 3 spell: Spider Form
  6913 | D:6      | Found a transporter.
  6944 | D:6      | Identified +0 steam dragon scales
  6945 | D:6      | Reached skill level 4 in Short Blades
  6945 | D:6      | Reached skill level 4 in Long Blades
  6945 | D:6      | Reached skill level 4 in Axes
  6945 | D:6      | Reached skill level 4 in Maces & Flails
  6945 | D:6      | Reached skill level 4 in Polearms
  6945 | D:6      | Reached skill level 4 in Staves
  6945 | D:6      | Reached skill level 4 in Slings
  6945 | D:6      | Reached skill level 4 in Bows
  6945 | D:6      | Reached skill level 4 in Crossbows
  6945 | D:6      | Reached skill level 4 in Throwing
  6945 | D:6      | Reached skill level 4 in Armour
  6945 | D:6      | Reached skill level 4 in Dodging
  6945 | D:6      | Reached skill level 4 in Stealth
  6945 | D:6      | Reached skill level 4 in Shields
  6945 | D:6      | Reached skill level 4 in Evocations
  7185 | D:6      | Reached skill level 5 in Spellcasting
  7913 | D:7      | Noticed Pikel
  8166 | D:6      | Killed Pikel
  8167 | D:6      | Reached skill level 8 in Fighting
  8167 | D:6      | Reached skill level 8 in Unarmed Combat
  8167 | D:6      | Reached skill level 5 in Invocations
  8616 | D:7      | Noticed Harold
  8631 | D:7      | Killed Harold
  8632 | D:7      | Reached skill level 4 in Conjurations
  8632 | D:7      | Reached skill level 4 in Hexes
  8632 | D:7      | Reached skill level 4 in Summonings
  8632 | D:7      | Reached skill level 4 in Necromancy
  8632 | D:7      | Reached skill level 4 in Translocations
  8632 | D:7      | Reached skill level 4 in Transmutations
  8632 | D:7      | Reached skill level 4 in Ice Magic
  8632 | D:7      | Reached skill level 4 in Air Magic
  8632 | D:7      | Reached skill level 4 in Earth Magic
  8632 | D:7      | Reached skill level 4 in Poison Magic
  8632 | D:7      | Reached XP level 10. HP: 26/80 MP: 16/18
  8907 | D:7      | Reached skill level 5 in Short Blades
  8907 | D:7      | Reached skill level 5 in Long Blades
  8907 | D:7      | Reached skill level 5 in Axes
  8907 | D:7      | Reached skill level 5 in Maces & Flails
  8907 | D:7      | Reached skill level 5 in Polearms
  8907 | D:7      | Reached skill level 5 in Staves
  8907 | D:7      | Reached skill level 5 in Slings
  8907 | D:7      | Reached skill level 5 in Bows
  8907 | D:7      | Reached skill level 5 in Crossbows
  8907 | D:7      | Reached skill level 5 in Throwing
  8907 | D:7      | Reached skill level 5 in Armour
  8907 | D:7      | Reached skill level 5 in Dodging
  8907 | D:7      | Reached skill level 5 in Stealth
  8907 | D:7      | Reached skill level 5 in Shields
  8907 | D:7      | Reached skill level 5 in Evocations
  9116 | D:7      | Found an opulent altar of Gozag.
  9298 | D:7      | Found a basalt altar of Yredelemnul.
  9369 | D:7      | Reached skill level 7 in Fire Magic
  9790 | D:8      | Found a blossoming altar of Fedhas.
 10026 | D:8      | Reached skill level 6 in Spellcasting
 10047 | D:8      | Found a flagged portal.
 10208 | Bailey   | Entered a bailey
 10461 | Bailey   | Noticed an orc knight
 10475 | Bailey   | HP: 5/81 [orc knight (23)]
 10477 | Bailey   | Mangled by an orc knight

Vanquished Creatures
  Harold (D:7)
  Pikel (D:6)
  Grinder (D:3)
  A steam dragon (D:6)
  Menkaure (D:4)
  2 water moccasins (D:7)
  A black bear (D:4)
  3 orc warriors
  2 sky beasts (D:6)
  2 necrophages
  3 ogres
  A phantom (D:7)
  2 kobold brigands
  Blork the orc (D:4)
  A bullfrog (D:8)
  3 scorpions
  A wyvern zombie (D:7)
  A killer bee (D:8)
  4 wights
  A howler monkey (D:5)
  A bullfrog zombie (D:6)
  2 centaur zombies (D:7)
  3 hounds
  4 jellies
  Crazy Yiuf (D:4)
  An orc priest (D:3)
  A centaur skeleton (D:7)
  8 iguanas
  3 orc wizards
  4 howler monkey zombies
  8 gnolls
  9 adders
  A shadow imp (D:6)
  2 white imps (D:6)
  A worm (D:3)
  A dart slug (D:2)
  26 orcs
  5 ball pythons
  4 endoplasms
  2 giant cockroaches
  11 goblins
  8 hobgoblins
  5 jackals (D:1)
  3 quokkas
  7 bats
  4 frilled lizards
  9 kobolds
  5 rats
172 creatures vanquished.

Vanquished Creatures (others)
  A kobold (D:8)
  A fungus (D:1)
  A plant (D:1)
3 creatures vanquished.

Grand Total: 175 creatures vanquished
